FIQ, neutral male scurrid Tourist ----- --...-- |%..... |.....| |.....| |$.jr.| -----+- FIQ the Rambler Experience level: 1 Strength: 10 Dexterity: 13 Constitution: 14 Intelligence: 13 Wisdom: 10 Charisma: 15 Health: 2(9) Energy: 2(2) Def: 0 Gold: 569 Moves: 44 Dungeon seed: sS1-TuQ-ZXGqlzC3 Game ID: FIQ_1498603560 Your Inventory: Coins $ - 569 gold pieces Weapons a - 54 uncursed +2 darts (in quiver) Armor e - an uncursed +0 Hawaiian shirt (being worn) Comestibles b - 2 uncursed eggs c - 6 uncursed food rations d - an uncursed fortune cookie f - an uncursed chestnut g - an uncursed pancake Scrolls i - 3 uncursed scrolls of magic mapping j - a blessed scroll of magic mapping Potions h - 2 uncursed potions of extra healing Wands m - an uncursed wand of secret door detection (0:15) Tools k - an uncursed expensive camera (0:60) l - an uncursed credit card n - an uncursed leash Spells and supernatural/magical abilities: Name Level Category Fail Memory W - pray for help -- divine ? -- Your skills at the end: Miscellaneous Skills wands [Basic] Weapon Skills dart [Basic] Spellcasting Skills Final Attributes: You were devoutly aligned. You had infravision. You were very stealthy. You survived. Voluntary challenges: You went without food. You did not adorn yourself with jewelry or accessories. You did not cause conflict. You were not invisible. You did not have reflection. You were not displaced. You were an atheist. You never hit with a wielded weapon. You were a pacifist. You did not use tools. You did not use plumbed fixtures. You did not drink any magical draughts. You were illiterate. You never genocided any monsters. You never polymorphed an object. You never changed form. You used no wishes. You never split a pudding. You never wrote Elbereth's name. You never violated your personal moral code. Dungeon overview: The Dungeons of Doom: levels 1 to 11 Level 1 a long staircase Level 2 Level 3 Level 4 Level 5 Level 6 Level 7 a fountain Level 8 Level 9 an altar to Offler Level 10 Level 11 <- You were here History has recorded: On T:1 you entered the Dungeons of Doom to retrieve the Amulet of Yendor! On T:4 you reached level 2 of The Dungeons of Doom. On T:6 you reached level 3 of The Dungeons of Doom. On T:8 you reached level 4 of The Dungeons of Doom. On T:10 you reached level 5 of The Dungeons of Doom. On T:13 you reached level 6 of The Dungeons of Doom. On T:15 you reached level 7 of The Dungeons of Doom. On T:17 you reached level 8 of The Dungeons of Doom. On T:19 you reached level 9 of The Dungeons of Doom. On T:22 you reached level 10 of The Dungeons of Doom. On T:24 you reached level 11 of The Dungeons of Doom. Score breakdown: Gold: 0 ( 0 points) Experience: 1 level ( 0 points) Exploration: 11 levels ( 300 points) Discoveries: 0 items ( 0 points) Variety of kills: 0 monsters ( 0 points) Major goal: (nothing yet) ( 0 points) Survival: quit (score multiplied by 3) Total score: 900 Latest messages: You start digging downward. The stairs are too hard to dig in. You start digging downward. The stairs are too hard to dig in. You start digging downward. The stairs are too hard to dig in. You start digging downward. The stairs are too hard to dig in. You start digging downward. The stairs are too hard to dig in. You start digging downward. The stairs are too hard to dig in. You start digging downward. The stairs are too hard to dig in. You start digging downward. The stairs are too hard to dig in. You start digging downward. The stairs are too hard to dig in. You start digging downward. The stairs are too hard to dig in. You start digging downward. The stairs are too hard to dig in. You start digging downward. The stairs are too hard to dig in. You start digging downward. The stairs are too hard to dig in. That command is only available in debug mode. Final status: Aloha FIQ the Tourist, quit... You quit in The Dungeons of Doom on dungeon level 11 with 900 points, and 569 pieces of gold, after 44 moves. You were level 1 with a maximum of 9 hit points when you quit.